 Dungeon Sprint DCSS version 0.18-a0-1292-ge8ad84c (webtiles) character file.

39655 Kidiri the Unseen (level 13, -7/68 HPs)
             Began as a Spriggan Enchanter on Feb 9, 2016.
             Was the Champion of Dithmenos.
             Killed from afar by Xtahua (75 damage)
             ... with a searing blast
             ... in the Dungeon (Sprint III: "The Ten Rune Challenge").
             The game lasted 00:27:29 (4259 turns).

Kidiri the Unseen (Spriggan Enchanter)              Turns: 4259, Time: 00:27:29

Health: -7/68      AC:  3    Str:  4    XL:     13   Next: 0%
Magic:  3/33       EV: 34    Int: 19    God:    Dithmenos [******]
Gold:   24         SH:  0    Dex: 19    Spells: 10 memorised, 5 levels left

rFire  . . .     SeeInvis +     a - +1 dagger
rCold  . . .     Gourm    .     b - +1 robe
rNeg   . . .     Faith    .     (shield restricted)
rPois  .         Spirit   .     (helmet restricted)
rElec  .         Dismiss  .     (no cloak)
rCorr  .         Reflect  .     (gloves unavailable)
SustAt .         Harm     .     (boots unavailable)
MR     ++...     NoTele   +     (no amulet)
Stlth  ++++++++++               (no ring)
                                (no ring)

@: wreathed by umbra, very quick, very resistant to hostile enchantments,
uncannily stealthy
A: unfitting armour, see invisible, herbivore 3, speed 3, screaming 1, slow
metabolism 2
a: Shadow Step, Shadow Form, Renounce Religion
}: 1/10 runes: serpentine


You were in the Dungeon.
You worshipped Dithmenos.
Dithmenos was exalted by your worship.
You were not hungry.

You visited 1 branch You collected 24 gold pieces.

Inventory:

Hand Weapons
 a - a +1 dagger (weapon)
Missiles
 u - 10 throwing nets (quivered)
Armour
 b - a +1 robe (worn)
 v - a fire dragon hide
Wands
 l - a wand of iceblast (6/15)
 t - a wand of iceblast (9/15)
Scrolls
 j - a scroll of blinking
 m - 2 scrolls of holy word {unknown}
 n - a scroll of enchant armour {unknown}
 r - a scroll of remove curse
Potions
 c - a potion of berserk rage
 e - a potion of curing
 f - a potion of heal wounds
 g - a potion of haste
 h - 2 potions of magic
 p - a potion of cure mutation
 q - 2 potions of lignification
 s - a potion of flight {unknown}
Books
 i - a book of Enchantments

   Spells                             Type                      Level
   a - Cause Fear                     Hexes                        4
   b - Yara's Violent Unravelling     Hexes/Transmutation          5
   c - Silence                        Hexes/Air                    5
   d - Deflect Missiles               Charms/Air                   6
   e - Haste                          Charms                       6
   f - Discord                        Hexes                        8
 k - a book of the Sky

   Spells                             Type                      Level
   a - Summon Lightning Spire         Summoning/Air                4
   b - Airstrike                      Air                          4
   c - Silence                        Hexes/Air                    5
   d - Deflect Missiles               Charms/Air                   6
   e - Conjure Ball Lightning         Conjuration/Air              6
   f - Tornado                        Air                          9
Comestibles
 d - 6 fruits
 o - 30 royal jellies


   Skills:
 + Level 7.7 Fighting
 * Level 14.1 Short Blades
 + Level 7.2 Armour
 * Level 17.5 Dodging
 * Level 19.4 Stealth
 * Level 15.5 Spellcasting
 + Level 7.0 Conjurations
 + Level 11.6 Hexes
 + Level 10.5 Charms
 + Level 7.5 Ice Magic
 + Level 7.2 Air Magic
 - Level 2.2 Invocations


You had 5 spell levels left.
You knew the following spells:

 Your Spells              Type           Power        Failure   Level  Hunger
a - Corona                Hex            ######.      1%          1    None
b - Ensorcelled Hibernat  Hex/Ice        ######       1%          2    None
c - Confuse               Hex            ######..     1%          3    None
d - Tukima's Dance        Hex            ######..     1%          3    None
e - Dazzling Spray        Conj/Hex       ######..     1%          3    None
f - Cause Fear            Hex            ######....   1%          4    None
g - Airstrike             Air            #####.....   1%          4    None
h - Deflect Missiles      Chrm/Air       #####.....   21%         6    #####..
i - Conjure Ball Lightni  Conj/Air       #####.....   34%         6    #####..
j - Haste                 Chrm           ######..     12%         6    #####..


Dungeon Overview and Level Annotations

Branches:
Dungeon (1/1)

Altars:
Cheibriados
Dithmenos
Elyvilon
Fedhas
Gozag
Kikubaaqudgha
Makhleb
Nemelex Xobeh
Okawaru
Pakellas
Qazlal
Ru
Sif Muna
Trog
Vehumet
Xom
Yredelemnul
Zin
The Shining One
Jiyva
Lugonu

Shops:
D (!::?(

Annotations:
D Xtahua


Innate Abilities, Weirdness & Mutations

You are tiny and cannot use many weapons and most armour.
You have supernaturally acute eyesight.
You are a herbivore.
You cover ground extremely quickly.
You need consume almost no food.
You occasionally shout uncontrollably at your foes.


Message History

The shadow shard hits Xtahua.
Casting: Airstrike
Confirm with . or Enter, or press ? or * to list all spells.
Aiming: Confuse
Press: ? - help, Shift-Dir - straight line, f - fire dragon, p - Xtahua
Aim: a fire dragon (moderately wounded, umbra, chance to defeat MR: 41%)
The fire dragon appears confused.
Your shadow mimicks your spell!
The fire dragon resists with almost no effort.
Casting: Confuse
Confirm with . or Enter, or press ? or * to list all spells.
Aiming: Airstrike
Press: ? - help, Dir - move target cursor, f - Xtahua, p - fire dragon
Aim: Xtahua (heavily wounded, umbra)
The air twists around and violently strikes Xtahua!
Xtahua is heavily wounded.
Xtahua breathes flames at you. The searing blast hits you!
Ouch! That really hurt!
You die...

▓.
.+≈≈...########♣♣
♣♣.##.##..#≈ ▓
J.#≈≈≈..........P♣
♣♣.##.#####.
J.#≈≈≈≈...PP....P♣
♣.....##.... #
###########'####
########+### #.♣♣
#.... #♣.♣ #....
♣[♣♣ ##### #####
♣♣.♣ ..≈φ# ##...
♣@♣♣ DD..# #..%.
♣D♣♣ .D..# #..##
♣D.♣♣#...# #....
♣♣.♣♣§####♣♣ ##...
♣♣.♣♣D....♣ ####
♣♣.≈♣♣♣♣♣♣.♣ ##.))
♣.≈..§§..≈§♣ #∩.))
♣.≈.§§§§§≈≈♣ #∩.##
♣.♣.≈§.§§.≈♣ #∩...


You could see Xtahua and a fire dragon (confused).

Vanquished Creatures
  A greater naga (D)
  Maud (D)
  4 fire dragons (D)
  Erolcha (D)
  A naga warrior (D)
  5 anacondas (D)
  2 hydras (D)
  4 death yaks (D)
  A death drake (D)
  A spriggan druid (D)
  A deep elf mage (D)
  A lindwurm (D)
  A guardian serpent (D)
  7 black mambas (D)
  2 spiny frogs (D)
  A komodo dragon (D)
  A fire drake (D)
  2 giant leeches (D)
  A queen bee (D)
  8 blink frogs (D)
  3 wandering mushrooms (D)
  A shadow (D)
  2 spriggans (D)
  5 redbacks (D)
  A hill giant (D)
  A spatial vortex (D)
  2 nagas (D)
  3 water moccasins (D)
  A swamp drake (D)
  A necrophage (D)
  3 two-headed ogres (D)
  A water elemental (D)
  A scorpion (D)
  32 killer bees (D)
  An electric eel (D)
  A jelly (D)
  A wizard (D)
  Jessica (D)
  A necromancer (D)
  3 humans (D)
  A kobold demonologist (D)
  4 adders (D)
  An ooze (D)
  2 rats (D)
119 creatures vanquished.

Vanquished Creatures (collateral kills)
  Rupert (D)
  A hill giant (D)
2 creatures vanquished.

Vanquished Creatures (others)
  2 draconian scorchers (D)
  A hydra (D)
  A dancing weapon (D)
  2 yaktaurs (D)
  2 fire drakes (D)
  5 plants (D)
13 creatures vanquished.

Grand Total: 134 creatures vanquished

Notes
Turn   | Place    | Note
--------------------------------------------------------------
     0 | D        | Kidiri the Spriggan Enchanter began the quest for the Orb.
     0 | D        | Reached XP level 1. HP: 9/9 MP: 5/5
     7 | D        | Reached skill level 5 in Stealth
    21 | D        | Noticed Jessica
    23 | D        | Killed Jessica
    23 | D        | Reached skill level 1 in Fighting
    23 | D        | Reached skill level 1 in Armour
    23 | D        | Reached skill level 6 in Stealth
    23 | D        | Reached XP level 2. HP: 12/14 MP: 6/8
    23 | D        | Reached XP level 3. HP: 15/18 MP: 6/9
    30 | D        | Learned a level 2 spell: Ensorcelled Hibernation
    34 | D        | Learned a level 3 spell: Confuse
    38 | D        | Learned a level 3 spell: Dazzling Spray
   108 | D        | Reached skill level 5 in Dodging
   133 | D        | Noticed a scorpion
   140 | D        | Killed a scorpion
   140 | D        | Reached skill level 7 in Stealth
   140 | D        | Reached skill level 1 in Conjurations
   140 | D        | Reached skill level 1 in Ice Magic
   140 | D        | Reached XP level 4. HP: 23/23 MP: 9/11
   145 | D        | Learned a level 3 spell: Tukima's Dance
   163 | D        | Gained mutation: You occasionally shout uncontrollably at your foes. [potion of mutation]
   163 | D        | Gained mutation: You are partially covered in large bone plates (AC +2, SH +2). [potion of mutation]
   163 | D        | Gained mutation: Your body sometimes deteriorates upon taking damage. [potion of mutation]
   164 | D        | Gained mutation: You sometimes yell uncontrollably at your foes. [potion of mutation]
   164 | D        | Gained mutation: Your magical capacity is low (-10% MP). [potion of mutation]
   165 | D        | Lost mutation: Your magical capacity is low (-10% MP). [potion of cure mutation]
   165 | D        | Lost mutation: You sometimes yell uncontrollably at your foes. [potion of cure mutation]
   165 | D        | Lost mutation: Your body sometimes deteriorates upon taking damage. [potion of cure mutation]
   165 | D        | Lost mutation: You are partially covered in large bone plates (AC +2, SH +2). [potion of cure mutation]
   190 | D        | Noticed a water elemental
   211 | D        | Killed a water elemental
   211 | D        | Reached skill level 8 in Stealth
   211 | D        | Reached skill level 5 in Spellcasting
   211 | D        | Reached skill level 5 in Hexes
   211 | D        | Reached XP level 5. HP: 26/26 MP: 0/14
   245 | D        | Killed a yaktaur
   257 | D        | Killed a white draconian scorcher
   263 | D        | Killed a fire drake
   277 | D        | Killed a white draconian scorcher
   320 | D        | Noticed a shadow
   322 | D        | Killed a shadow
   322 | D        | Reached skill level 5 in Short Blades
   322 | D        | Reached skill level 9 in Stealth
   322 | D        | Reached XP level 6. HP: 30/32 MP: 14/16
   346 | D        | Found an oddly glowing altar of Pakellas.
   346 | D        | Found a stormy altar of Qazlal.
   347 | D        | Found a sacrificial altar of Ru.
   347 | D        | Found a burning altar of Makhleb.
   347 | D        | Found a viscous altar of Jiyva.
   347 | D        | Found a shimmering altar of Xom.
   347 | D        | Found a shadowy altar of Dithmenos.
   347 | D        | Found a sparkling altar of Nemelex Xobeh.
   347 | D        | Found a corrupted altar of Lugonu.
   347 | D        | Found an opulent altar of Gozag.
   347 | D        | Noticed a spatial vortex
   351 | D        | Became a worshipper of Dithmenos the Shadowed
   352 | D        | Killed a spatial vortex
   352 | D        | Reached skill level 10 in Stealth
   352 | D        | Reached skill level 1 in Invocations
   379 | D        | Found a radiant altar of Vehumet.
   380 | D        | Found a deep blue altar of Sif Muna.
   380 | D        | Found an ancient bone altar of Kikubaaqudgha.
   383 | D        | Reached * piety under Dithmenos
   424 | D        | Learned a level 4 spell: Cause Fear
   432 | D        | Found an iron altar of Okawaru.
   433 | D        | Found a bloodstained altar of Trog.
   433 | D        | Noticed a human
   433 | D        | Noticed a human
   436 | D        | Killed a human
   436 | D        | Reached XP level 7. HP: 36/36 MP: 16/19
   440 | D        | Killed a human
   440 | D        | Reached skill level 11 in Stealth
   475 | D        | Learned a level 4 spell: Airstrike
   478 | D        | Found a glowing silver altar of Zin.
   479 | D        | Found a glowing golden altar of the Shining One.
   479 | D        | Found a white marble altar of Elyvilon.
   479 | D        | Noticed a deep elf mage
   483 | D        | Killed a deep elf mage
   483 | D        | Reached skill level 10 in Dodging
   483 | D        | Reached skill level 1 in Air Magic
   483 | D        | Reached XP level 8. HP: 40/42 MP: 14/21
   530 | D        | Found a snail-covered altar of Cheibriados.
   531 | D        | Found a basalt altar of Yredelemnul.
   531 | D        | Found a blossoming altar of Fedhas.
   532 | D        | Reached ** piety under Dithmenos
   533 | D        | Reached skill level 12 in Stealth
   557 | D        | Reached *** piety under Dithmenos
   583 | D        | Noticed Erolcha
   634 | D        | Killed Erolcha
   634 | D        | Reached **** piety under Dithmenos
   634 | D        | Reached skill level 13 in Stealth
   634 | D        | Reached skill level 10 in Spellcasting
   634 | D        | Reached XP level 9. HP: 37/46 MP: 1/24
   689 | D        | Killed a fire drake
   761 | D        | Learned a level 6 spell: Deflect Missiles
   765 | D        | Reached skill level 1 in Charms
   854 | D        | Noticed a queen bee
  1026 | D        | Reached ***** piety under Dithmenos
  1351 | D        | Killed a queen bee
  1363 | D        | Reached ****** piety under Dithmenos
  1367 | D        | Reached skill level 14 in Stealth
  1369 | D        | Reached skill level 5 in Fighting
  1371 | D        | Reached skill level 10 in Short Blades
  1371 | D        | Reached skill level 5 in Ice Magic
  1572 | D        | Reached XP level 10. HP: 51/51 MP: 17/26
  1737 | D        | Reached skill level 5 in Armour
  1753 | D        | Learned a level 6 spell: Conjure Ball Lightning
  1813 | D        | Noticed a spiny frog
  1813 | D        | Noticed a spiny frog
  1821 | D        | Killed a spiny frog
  1823 | D        | Killed a spiny frog
  1823 | D        | Reached skill level 5 in Charms
  1872 | D        | Reached skill level 15 in Stealth
  1872 | D        | Reached skill level 5 in Conjurations
  1873 | D        | Noticed a lindwurm
  1886 | D        | Killed a lindwurm
  1926 | D        | Noticed Maud
  1947 | D        | Killed Maud
  2161 | D        | Noticed an eight-headed hydra
  2161 | D        | Noticed a four-headed hydra
  2181 | D        | Killed an eight-headed hydra
  2181 | D        | Reached XP level 11. HP: 34/56 MP: 20/28
  2222 | D        | Killed a four-headed hydra
  2222 | D        | Reached skill level 16 in Stealth
  2534 | D        | Noticed a death drake
  2536 | D        | Killed a death drake
  2536 | D        | Reached skill level 5 in Air Magic
  2578 | D        | Found a blossoming altar of Fedhas.
  2578 | D        | Noticed a spriggan druid
  2580 | D        | Killed a spriggan druid
  2611 | D        | Noticed an anaconda
  2624 | D        | Reached skill level 10 in Hexes
  2626 | D        | Reached skill level 15 in Dodging
  2629 | D        | Killed an anaconda
  2763 | D        | Noticed an anaconda
  2774 | D        | Killed an anaconda
  2774 | D        | Reached skill level 17 in Stealth
  2789 | D        | Noticed an anaconda
  2789 | D        | Noticed an anaconda
  2789 | D        | Noticed an anaconda
  2794 | D        | Killed an anaconda
  2795 | D        | Killed an anaconda
  2800 | D        | Killed an anaconda
  2800 | D        | Reached XP level 12. HP: 53/62 MP: 23/31
  2812 | D        | Learned a level 6 spell: Haste
  2850 | D        | Noticed a naga warrior
  2850 | D        | Noticed a greater naga
  2850 | D        | Found Tamugeg's Book Shop.
  2850 | D        | Found Cepsagh's Magic Scroll Shoppe.
  2852 | D        | Found Bamo Warr's Antique Weapon Boutique.
  2853 | D        | Killed a greater naga
  2854 | D        | Killed a naga warrior
  2873 | D        | Reached skill level 18 in Stealth
  2875 | D        | Got a serpentine rune of Zot
  3042 | D        | Noticed Rupert
  3075 | D        | Killed Rupert
  3227 | D        | Noticed a death yak
  3228 | D        | Noticed a death yak
  3228 | D        | Noticed an azure jelly
  3228 | D        | Noticed a death yak
  3228 | D        | Noticed an azure jelly
  3228 | D        | Noticed a death yak
  3238 | D        | Killed a death yak
  3243 | D        | Killed a death yak
  3243 | D        | Reached skill level 10 in Charms
  3439 | D        | Reached skill level 15 in Spellcasting
  3444 | D        | Killed a death yak
  3450 | D        | Reached skill level 19 in Stealth
  3456 | D        | Killed a death yak
  3530 | D        | Noticed a fire dragon
  3541 | D        | Killed a fire dragon
  3564 | D        | Noticed a fire dragon
  3568 | D        | Noticed a fire dragon
  3590 | D        | Killed a fire dragon
  3591 | D        | Noticed a fire dragon
  3716 | D        | Killed a fire dragon
  3737 | D        | Found Mihicapa's Antique Weapon Shoppe.
  3737 | D        | Found Ynerhyaq's Distillery.
  3737 | D        | Found Beakh's Book Emporium.
  3784 | D        | Killed a fire dragon
  3784 | D        | Reached XP level 13. HP: 68/68 MP: 25/33
  3861 | D        | Noticed Xtahua
  3861 | D        | Noticed a fire dragon
  4259 | D        | Killed from afar by Xtahua

Vault maps used:
D:        dungeon_sprint_mu

Action                   |  1- 3 |  4- 6 |  7- 9 | 10-12 | 13-15 || total
-------------------------+-------+-------+-------+-------+-------++-------
Melee: Dagger            |     7 |    12 |   104 |    88 |       ||   211
 Cast: Ensorcelled Hiber |     2 |     1 |    35 |    43 |       ||    81
       Dazzling Spray    |       |     4 |    12 |    24 |     2 ||    42
       Tukima's Dance    |       |       |     4 |     2 |       ||     6
       Confuse           |       |       |     4 |     4 |     1 ||     9
       Corona            |       |       |     1 |       |       ||     1
       Airstrike         |       |       |     1 |     9 |     8 ||    18
Invok: Shadow Step       |       |       |       |     9 |       ||     9
  Use: Potion            |       |     4 |     1 |       |       ||     5
       Scroll            |       |     3 |       |       |     1 ||     4
 Stab: Sleeping          |     7 |     6 |    29 |    51 |       ||    93
       Confused          |       |       |     1 |       |       ||     1
       Invisible         |       |       |     3 |    10 |       ||    13
       Held in net/web   |       |       |     1 |       |       ||     1
       Distracted        |       |       |       |     1 |       ||     1
  Eat: Bread ration      |       |       |       |     1 |       ||     1
